 Dungeon Crawl Stone Soup version 0.30-a0-737-gf23d94013f (webtiles) character file.

Game seed: 2640146373092217918

111 jimonade the Magician (level 5, -3/35 HPs)
             Began as a Djinni Hedge Wizard on Feb 2, 2023.
             Slain by a water moccasin zombie (4 damage)
             ... in an ossuary.
             The game lasted 00:03:57 (2689 turns).

jimonade the Magician (Djinni Hedge Wizard)         Turns: 2689, Time: 00:03:57

Health: -3/35      AC:  3    Str: 11    XL:     5   Next: 15%
Gold:   124        EV: 12    Int: 15    God:
                   SH:  0    Dex: 13

rFire   + + .      SeeInvis .    a - +0 dagger
rCold   x . .      Faith    .    (no shield)
rNeg    . . .      Spirit   .    b - +0 robe
rPois   ∞          Reflect  .    c - +0 hat
rElec   .          Harm     .    (no cloak)
rCorr   .          Rampage  .    h - +0 pair of gloves
Will    .....                    (boots unavailable)
Stlth   ++                       (no amulet)
HPRegen 0.25/turn                (no ring)
MPRegen 0.00/turn                (no ring)

@: flying
A: sickness immunity, fire resistance 2, cold vulnerability 1, float, innate
caster, HP casting, extra vitality 1
a: no special abilities


You were in an ossuary.
You visited 1 branch of the dungeon, and saw 4 of its levels.
You also visited: Ossuary.

You collected 124 gold pieces.

Inventory:

Hand Weapons
 a - a +0 dagger (weapon)
 u - a +0 long sword
Missiles
 m - 4 poisoned darts
 y - 4 atropa-tipped darts
Armour
 b - a +0 robe (worn)
 c - a +0 hat (worn)
 h - a +0 pair of gloves (worn)
 p - a +0 ring mail
Magical Staves
 l - a staff of earth
Wands
 t - a wand of light (7)
 x - a wand of paralysis (9)
Scrolls
 f - 4 scrolls of noise {unknown}
 i - 3 scrolls of teleportation {unknown}
 j - a scroll of brand weapon {unknown}
 k - a scroll of immolation {unknown}
 r - 3 scrolls of torment {unknown}
Potions
 d - a potion of magic
 e - a potion of attraction {unknown}
 g - 3 potions of curing {unknown}
 n - a potion of degeneration {unknown}
 o - 2 potions of brilliance {unknown}
 q - 2 potions of heal wounds {unknown}
 s - a potion of berserk rage {unknown}
 v - a potion of might {unknown}
 w - a potion of invisibility {unknown}
 z - a potion of haste {unknown}


   Skills:
 + Level 0.1 Fighting
 + Level 0.2 Short Blades
 + Level 2.6 Dodging
 - Level 1.5 Stealth
 * Level 4.0 Spellcasting


You couldn't memorise any spells.
You knew the following spells:

 Your Spells              Type           Power      Damage    Failure   Level
a - Magic Dart            Conj           60%        1d6       3%          1
b - Slow                  Hex            60%        N/A       3%          1
c - Blink                 Tloc           30%        N/A       4%          2
d - Call Imp              Summ           15%        N/A       4%          2
e - Mephitic Cloud        Conj/Pois/Air  15%        N/A       10%         3
f - Apportation           Tloc           30%        N/A       3%          1
g - Static Discharge      Conj/Air       30%        2-4/arc   4%          2
Your spell library was empty.

Dungeon Overview and Level Annotations

Branches:
Dungeon (4/15)            Ossuary (1/1)
 Temple: D:4-7

Altars:
Gozag


Innate Abilities, Weirdness & Mutations

You are immune to sickness and miasma.
You are immune to poison.
Your flesh is very heat resistant. (rF++)
You are vulnerable to cold. (rC-)
You float through the air rather than walking.
You learn spells naturally, not from books.
Your magical power is your life essence.
You have superior vitality. (+4 MHP)


Message History

You are too injured to fight recklessly!
Aiming: Magic Dart (safe; 3% risk of failure)
Press: ? - help, Q - select action, (/) - cycle Shift-Dir - straight line, f/p - water moccasin zombie
Aim: a water moccasin zombie (heavily damaged, 100% to hit)
The magic dart hits the water moccasin zombie.
The water moccasin zombie is heavily damaged.
* * * LOW HITPOINT WARNING * * *
The water moccasin zombie bites you.
* * * LOW HITPOINT WARNING * * *
Aiming: Magic Dart (safe; 3% risk of failure)
Press: ? - help, Q - select action, (/) - cycle Shift-Dir - straight line, f/p - water moccasin zombie
Aim: a water moccasin zombie (heavily damaged, 100% to hit)
The magic dart hits the water moccasin zombie.
The water moccasin zombie is heavily damaged.
* * * LOW HITPOINT WARNING * * *
The water moccasin zombie bites you.
* * * LOW HITPOINT WARNING * * *
Aiming: Magic Dart (safe; 3% risk of failure)
Press: ? - help, Q - select action, (/) - cycle Shift-Dir - straight line, f/p - water moccasin zombie
Aim: a water moccasin zombie (heavily damaged, 100% to hit)
The magic dart hits the water moccasin zombie.
The water moccasin zombie is heavily damaged.
* * * LOW HITPOINT WARNING * * *
The water moccasin zombie misses you.
Aiming: Magic Dart (safe; 3% risk of failure)
Press: ? - help, Q - select action, (/) - cycle Shift-Dir - straight line, f/p - water moccasin zombie
Aim: a water moccasin zombie (heavily damaged, 100% to hit)
The magic dart hits the water moccasin zombie.
The water moccasin zombie is severely damaged.
* * * LOW HITPOINT WARNING * * *
The water moccasin zombie barely misses you.
Casting: Magic Dart (safe; 3% risk of failure)
Confirm with . or Enter, or press ? or * to list all spells.
Aiming: Slow (safe; 3% risk of failure)
Press: ? - help, Shift-Dir - straight line, f/p - water moccasin zombie
Aim: a water moccasin zombie (severely damaged, chance to affect: 61%)
The water moccasin zombie resists with significant effort.
* * * LOW HITPOINT WARNING * * *
The water moccasin zombie bites you.
You die...

#...# #'### #...#
#...# #...# #...#
##'############### ###
#...#...#....'...#...#
#...#...#....#..@ZZZ.#
#...'...'....#...#..∩#
################## ###


You could see an adder zombie, a water moccasin zombie and a hobgoblin zombie.

Vanquished Creatures
  Jessica (D:2)
  2 adders (D:2)
  An adder zombie (Ossuary)
  A worm (D:2)
  A dart slug (D:4)
  2 orcs (D:3)
  4 ball pythons
  4 endoplasms
  2 giant cockroaches (D:1)
  2 gnoll zombies (Ossuary)
  4 goblins
  4 hobgoblins
  A quokka (D:2)
  4 bats
  4 frilled lizards
  2 hobgoblin zombies (Ossuary)
  5 kobolds
  4 kobold zombies (Ossuary)
  6 orc zombies (Ossuary)
  6 rats
60 creatures vanquished.

Notes
Turn   | Place    | Note
-------+----------+-------------------------------------------
     0 | D:1      | jimonade the Djinni Hedge Wizard began the quest for the
                  | Orb.
     0 | D:1      | jimonade set off with the following spells memorised: Magic
                  | Dart, Slow, Blink, Call Imp, Mephitic Cloud.
     0 | D:1      | Reached XP level 1. HP: 15/15 MP: 0/0
    85 | D:1      | Reached XP level 2. HP: 20/21 MP: 0/0
   389 | D:1      | Reached skill level 3 in Spellcasting
   526 | D:1      | Reached XP level 3. HP: 23/25 MP: 0/0
   526 | D:1      | Learned a level 1 spell: Apportation
  1041 | D:2      | Noticed Jessica
  1045 | D:2      | Killed Jessica
  1046 | D:2      | Reached XP level 4. HP: 27/31 MP: 0/0
  2142 | D:3      | Found an opulent altar of Gozag.
  2382 | D:4      | Found a sand-covered staircase.
  2389 | Ossuary  | Entered an ossuary
  2407 | Ossuary  | Reached skill level 4 in Spellcasting
  2407 | Ossuary  | Reached XP level 5. HP: 28/35 MP: 0/0
  2407 | Ossuary  | Learned a level 2 spell: Static Discharge
  2689 | Ossuary  | Slain by a water moccasin zombie

Illustrated notes

Levels and vault maps discovered:
D:1:      minmay_arrival_jagged, layout_rooms
D:2:      layout_basic, uniq_jessica
D:3:      layout_basic, amcnicky_altar_gilded
D:4:      layout_gridville, enter_ossuary_4, minmay_statues_item,
          uniq_eustachio, uniq_natasha
Ossuary:  ossuary_tomb_2

Skill      XL: |  1  2  3  4 |
---------------+-------------+-----
Spellcasting   | 3 4 |  4.0
Fighting       | |  0.1
Short Blades   | |  0.2
Dodging        | |  2.6
Stealth        | |  1.5

Action                     |  1- 3 |  4- 6 || total
---------------------------+-------+-------++-------
  Melee: Dagger            |     8 |       ||     8
   Cast: Magic Dart        |    59 |   117 ||   176
         Slow              |       |     1 ||     1
 Armour: Robe              |     7 |     5 ||    12
  Dodge: Dodged            |    13 |    25 ||    38

Table legend: (Time is in decaauts)
 A = Elapsed time spent in this place.
 B = Non-inter-level travel time spent in this place.
 C = Inter-level travel time spent in this place.
 D = Time resting spent in this place.
 E = Time spent auto-exploring this place.
 F = Levels seen in this place.
 G = Mean time per level.
                   A        B        C        D        E       F      G
               +--------+--------+--------+--------+--------+-----+--------+
         Total |   2687 |   2436 |    251 |     27 |   2010 |   5 |  537.4 |
       Dungeon |   2388 |   2137 |    251 |     18 |   1798 |   4 |  597.0 |
       Ossuary |    299 |    299 |      0 |      9 |    212 |   1 |  299.0 |
               +--------+--------+--------+--------+--------+-----+--------+

Top non-repeatable levels by time:
     D:2: 1015 daAuts
     D:3: 693 daAuts
     D:1: 615 daAuts
 Ossuary: 299 daAuts
     D:4: 63 daAuts
